 Dungeon Crawl Stone Soup version 0.23.0-33-g5e6c059fef (webtiles) character file.

Game seed: 0

72246 OdinFK the Eclecticist (level 15, -8/72 HPs)
             Began as a Deep Elf Fire Elementalist on Feb 26, 2019.
             Was a High Priest of Vehumet.
             Mangled by a merfolk impaler
             ... wielding a +1 trident of freezing
              (21 damage)
             ... on level 2 of the Shoals on Feb 27, 2019.
             The game lasted 02:54:12 (26414 turns).

OdinFK the Eclecticist (DEFE)                      Turns: 26414, Time: 02:54:13

Health: -8/72      AC: 10    Str:  5    XL:     15   Next: 0%
Magic:  18/39      EV: 30    Int: 27    God:    Vehumet [*****.]
Gold:   1969       SH:  0    Dex: 15    Spells: 9/51 levels left

rFire    + + +     SeeInvis .   i - staff of earth
rCold    x x .     Gourm    .   (no shield)
rNeg     . . .     Faith    .   Z - +2 robe {rF+}
rPois    .         Spirit   .   j - +0 helmet
rElec    .         Reflect  .   O - +2 cloak
rCorr    .         Harm     .   (no gloves)
MR       +....                  E - +1 pair of boots
Stlth    ++........             b - amulet of the acrobat
HPRegen  0.22/turn              y - ring of fire
MPRegen  0.26/turn              H - ring of fire

@: acrobat, studying Spellcasting
A: no striking features
a: Renounce Religion


You were on level 2 of the Shoals.
You worshipped Vehumet.
Vehumet was extremely pleased with you.
You were not hungry.

You visited 6 branches of the dungeon, and saw 26 of its levels.

You collected 2446 gold pieces.
You spent 477 gold pieces at shops.

Inventory:

Hand Weapons
 u - a +3 short sword of electrocution
Armour
 j - a +0 helmet (worn)
 E - a +1 pair of boots (worn)
 O - a +2 cloak (worn)
 Z - a +2 robe of fire resistance (worn)
Magical Staves
 i - an uncursed staff of earth (weapon)
Jewellery
 b - an amulet of the acrobat (around neck)
 w - an uncursed ring of ice
 y - a ring of fire (left hand)
 z - an uncursed ring of protection from magic
 H - a ring of fire (right hand)
 P - an uncursed amulet of the gourmand {unknown}
 Q - an uncursed ring of see invisible
 W - an uncursed ring of protection from magic
 X - an uncursed ring of protection from fire
Wands
 a - a wand of iceblast (6)
 d - a wand of flame (21)
 x - a wand of digging (8)
 B - a wand of paralysis (22)
 F - a wand of enslavement (5)
 J - a wand of clouds (3)
 K - a wand of acid (9)
Scrolls
 h - 2 scrolls of magic mapping
 k - 4 scrolls of enchant armour
 l - 7 scrolls of teleportation
 n - 9 scrolls of remove curse
 o - 4 scrolls of immolation
 q - 5 scrolls of amnesia
 t - 4 scrolls of enchant weapon
 C - 3 scrolls of blinking
 D - a scroll of silence {unknown}
 G - 2 scrolls of fear {unknown}
 I - a scroll of fog {unknown}
 N - a scroll of noise {unknown}
 S - a scroll of brand weapon {unknown}
 T - a scroll of torment {unknown}
 U - 2 scrolls of identify
Potions
 e - 3 potions of haste
 f - 4 potions of flight
 g - a potion of berserk rage
 m - a potion of magic
 p - 4 potions of curing
 r - a potion of agility
 s - 3 potions of lignification
 A - 2 potions of might
 L - 2 potions of brilliance
 M - 2 potions of heal wounds
 V - a potion of resistance
Books
 R - a manual of Spellcasting
Comestibles
 c - 42 rations


   Skills:
 + Level 3.9 Short Blades
 + Level 0.1 Staves
 * Level 5.3 Dodging
 - Level 3.2 Stealth
 + Level 0.6 Unarmed Combat
 + Level 18.8 Spellcasting
 + Level 16.2 Conjurations
 * Level 8.0 Charms
 + Level 1.9 Translocations
 + Level 14.4 Fire Magic
 + Level 2.2 Earth Magic
 + Level 4.2 Poison Magic


You had 9 spell levels left.
You knew the following spells:

 Your Spells              Type           Power        Failure   Level  Hunger
a - Bolt of Magma         Conj/Fire/Erth ########..   1%          5    None
b - Throw Flame           Conj/Fire      ######       0%          2    None
c - Conjure Flame         Conj/Fire      ########     0%          3    None
d - Magic Dart            Conj           ####         0%          1    None
e - Blink                 Tloc           N/A          1%          2    None
f - Sticky Flame          Conj/Fire      ########     1%          4    None
g - Fireball              Conj/Fire      ########..   1%          5    None
h - Venom Bolt            Conj/Pois      ######....   1%          5    None
i - Ring of Flames        Chrm/Fire      ########..   14%         7    ####...
j - Ignition              Fire           ########..   9%          8    ######.

Your spell library contained the following spells:

 Spells                   Type           Power        Failure   Level  Hunger
 Bolt of Draining         Conj/Necr      ######....   1%          5    None
 Flame Tongue             Conj/Fire      #####        0%          1    None
 Apportation              Tloc           #####.       1%          1    None
 Confusing Touch          Hex            ####..       1%          1    None
 Summon Butterflies       Summ           ####....     1%          1    None
 Summon Small Mammal      Summ           ####         1%          1    None
 Shroud of Golubria       Chrm/Tloc      ######....   1%          2    None
 Ignite Poison            Fire/Tmut/Pois #######.     1%          3    None
 Inner Flame              Hex/Fire       #######.     1%          3    None
 Mephitic Cloud           Conj/Pois/Air  ######..     1%          3    None
 Bolt of Fire             Conj/Fire      ########..   1%          6    ##.....
 Call Imp                 Summ           ####....     2%          2    None
 Slow                     Hex            ####....     2%          2    None
 Gell's Gravitas          Tloc           #####.....   2%          3    None
 Lesser Beckoning         Tloc           #####.....   2%          3    None
 Teleport Other           Tloc           #####...     2%          3    None
 Call Canine Familiar     Summ           ####....     5%          3    None
 Confuse                  Hex            ####....     5%          3    None
 Summon Guardian Golem    Hex/Summ       ####....     5%          3    None
 Tukima's Dance           Hex            ####....     5%          3    None
 Passage of Golubria      Tloc           N/A          8%          4    None
 Petrify                  Tmut/Erth      #####...     11%         4    None
 Yara's Violent Unravell  Hex/Tmut       ####......   13%         5    None
 Summon Ice Beast         Ice/Summ       ####....     17%         4    None
 Summon Lightning Spire   Summ/Air       ####....     17%         4    None
 Alistair's Intoxication  Tmut/Pois      #####...     21%         5    None
 Metabolic Englaciation   Hex/Ice        ####......   43%         5    None
 Summon Mana Viper        Hex/Summ       ####....     43%         5    None
 Invisibility             Hex            ####....     95%         6    ##.....
 Summon Hydra             Summ           ####......   100%        7    ####...


Dungeon Overview and Level Annotations

Branches:
Dungeon (14/15)            Temple (1/1) D:6            Lair (6/6) D:8
 Shoals (2/4) Lair:4        Snake (1/4) Lair:3          Orc (2/2) D:12
    Elf (0/3) Orc:2
  Slime: Lair:5-6    Vaults: D:13-14

Altars:
Ashenzari
Cheibriados
Dithmenos
Elyvilon
Fedhas
Gozag
Hepliaklqana
Kikubaaqudgha
Makhleb
Nemelex Xobeh
Okawaru
Qazlal
Ru
Sif Muna
Trog
Uskayaw
Vehumet
Wu Jian
Xom
Yredelemnul
Zin
The Shining One

Shops:
Orc:1 }   Orc:2 *:((

Annotations:
D:5 2 transporters, YM2612's ghost, novice FoHu
D:6 2 transporters, Danqa's ghost, novice SpAs
Lair:5 3 runed translucent doors, Joepsun's ghost, journeyman SpSk
Shoals:1 3 runed translucent doors, Donald; Meod's ghost, adept MiBe


Message History

You enter the shallow water.
Moving in this stuff is going to be slow.
You see here a rapier.
You enter the shallow water.
Moving in this stuff is going to be slow.
The merfolk impaler barely misses you. The merfolk impaler closely misses you.
You enter the shallow water.
Moving in this stuff is going to be slow.
The merfolk impaler hits you from afar with a +1 trident of freezing.
The merfolk impaler freezes you. The merfolk impaler barely misses you.
The merfolk impaler hits you from afar with a +1 trident of freezing!
The merfolk impaler freezes you!
The merfolk impaler hits you from afar with a +1 trident of freezing!
* * * LOW HITPOINT WARNING * * *
The merfolk impaler freezes you!
* * * LOW HITPOINT WARNING * * *
The merfolk impaler hits you from afar with a +1 trident of freezing!!
You die...

≈≈≈≈.≈≈≈≈≈..≈..≈≈≈≈≈≈≈≈≈≈≈≈≈.##..
≈≈≈..≈≈.....[....≈≈≈≈≈≈≈≈≈≈≈..##.
≈≈≈..≈≈...##.....≈≈≈≈≈≈≈≈≈≈≈≈....
≈≈≈≈≈P≈..###.##..≈≈≈≈≈≈≈≈P≈≈≈...≈
≈≈≈≈≈PP.## ####.≈≈≈≈≈≈≈≈≈P≈≈....≈
≈≈≈≈PP..P#####P.≈≈≈≈≈≈≈≈≈P≈≈≈≈..≈
≈≈≈≈PPP..........P≈≈≈≈≈≈≈≈≈≈≈≈≈..
≈≈≈PPPPP........PP≈≈≈≈≈≈≈≈≈≈≈≈≈.#
≈≈≈[.P.≈........@Pm≈≈≈≈≈≈≈≈≈≈≈≈≈.
≈..###..≈.(...≈≈≈.≈≈≈≈≈≈≈≈≈≈≈≈≈≈≈
≈.# #.PP≈.P[......≈≈.≈≈≈≈≈≈≈≈≈≈≈
≈. ##..≈............≈≈≈≈≈≈≈≈...
##...##########....≈≈≈≈≈...
###.## ##.##...≈≈.≈≈...
#..######.......≈≈≈....≈
##...#.......###....##.≈
#...........# #.≈.##..≈


You could see a merfolk impaler.

Vanquished Creatures
  4 merfolk impalers
  Harold (D:8)
  A hydra (D:10)
  A merfolk aquamancer (Shoals:2)
  2 centaur warriors
  4 two-headed ogres
  Urug (Orc:1)
  3 orc high priests (Orc:2)
  Nergalle (Lair:2)
  3 skeletal warriors (D:12)
  4 sea snakes
  4 orc knights (Orc:2)
  A lindwurm (Lair:3)
  An ugly thing (D:12)
  12 harpies
  7 manticores
  4 fauns (Shoals:2)
  A cyclops (Shoals:1)
  5 orc sorcerers
  A deep elf mage (D:13)
  3 black mambas
  4 merfolk sirens
  Joseph (D:8)
  Psyche (D:8)
  A guardian serpent (Lair:3)
  8 spiny frogs
  A gargoyle (D:13)
  2 kobold demonologists (D:12)
  4 rime drakes
  5 komodo dragons
  6 trolls
  12 merfolk
  2 queen bees
  2 polar bears (Lair:5)
  Grinder (D:5)
  2 wind drakes (Shoals:2)
  5 blink frogs
  3 dream sheep (Shoals:1)
  6 hippogriffs
  5 snapping turtles
  4 wyverns
  A human (D:8)
  5 basilisks
  3 water elementals (Shoals:2)
  A fire bat (D:10)
  32 yaks
  3 wraiths
  3 hogs (D:8)
  2 hungry ghosts (D:10)
  Duvessa (D:5)
  10 water moccasins
  8 porcupines
  2 ice beasts
  4 black bears
  18 orc warriors
  A necrophage (D:11)
  3 sky beasts
  2 eyes of draining (D:12)
  18 centaurs
  3 phantoms
  6 ogres
  16 wolves
  16 crocodiles
  6 big kobolds
  17 bullfrogs
  A gnoll sergeant (D:8)
  Dowan (D:5)
  58 killer bees
  4 wights (D:7)
  3 electric eels
  8 howler monkeys
  4 centaur zombies
  4 crimson imps
  A quasit (D:6)
  A wyvern simulacrum (D:14)
  9 hounds
  5 bullfrog skeletons
  3 centaur skeletons
  14 orc priests
  14 orc wizards
  Crazy Yiuf (D:2)
  8 hell rats
  9 iguanas
  Terence (D:2)
  10 worker ants
  2 killer bee zombies (D:6)
  A hound zombie (D:2)
  2 hound skeletons
  3 worker ant zombies
  Robin (D:2)
  10 gnolls
  7 adders
  4 shadow imps
  An ooze (D:4)
  2 adder zombies
  A worm (D:2)
  3 dart slugs (D:1)
  12 leopard geckos
  58 orcs
  2 ball pythons (D:2)
  7 bats
  2 giant cockroaches
  11 goblins
  12 hobgoblins
  8 jackals
  5 quokkas
  11 frilled lizards
  65 kobolds
  A quokka zombie (D:5)
  12 rats
  A fungus (Lair:5)
  4 plants
727 creatures vanquished.

Vanquished Creatures (others)
  36 fungi
  8 plants
44 creatures vanquished.

Grand Total: 771 creatures vanquished

Notes
Turn   | Place    | Note
-------+----------+-------------------------------------------
     0 | D:1      | OdinFK the Deep Elf Fire Elementalist began the quest for
                  | the Orb.
     0 | D:1      | Reached XP level 1. HP: 10/10 MP: 6/6
   106 | D:1      | Upgraded the game from 0.23.0-28-g6fe0f4dc8b to
                  | 0.23.0-33-g5e6c059fef
   131 | D:1      | Reached XP level 2. HP: 15/15 MP: 2/8
   140 | D:1      | Learned a level 2 spell: Throw Flame
   528 | D:1      | Reached XP level 3. HP: 19/19 MP: 4/9
   584 | D:1      | Learned a level 3 spell: Conjure Flame
   938 | D:2      | Found a sparkling altar of Nemelex Xobeh.
  1063 | D:2      | Found a glowing silver altar of Zin.
  1066 | D:2      | Found an ornate altar of the Wu Jian Council.
  1116 | D:2      | Noticed Terence
  1122 | D:2      | Killed Terence
  1122 | D:2      | Reached XP level 4. HP: 20/24 MP: 0/10
  1238 | D:2      | Learned a level 1 spell: Magic Dart
  1241 | D:2      | Learned a level 2 spell: Blink
  1419 | D:2      | Found a faded altar of an unknown god.
  1553 | D:2      | Noticed Robin
  1590 | D:2      | Killed Robin
  1605 | D:2      | Reached XP level 5. HP: 28/28 MP: 0/12
  1655 | D:2      | Reached skill level 4 in Spellcasting
  1770 | D:2      | Found a runed translucent door.
  1771 | D:2      | Noticed Crazy Yiuf
  1785 | D:2      | Killed Crazy Yiuf
  1785 | D:2      | Reached skill level 5 in Fire Magic
  2770 | D:4      | Reached skill level 1 in Short Blades
  2770 | D:4      | Reached XP level 6. HP: 32/32 MP: 7/14
  3051 | D:4      | Reached skill level 5 in Spellcasting
  3354 | D:4      | Reached XP level 7. HP: 26/36 MP: 12/17
  3360 | D:4      | Learned a level 4 spell: Sticky Flame
  3484 | D:4      | Reached skill level 6 in Spellcasting
  3897 | D:5      | Entered Level 5 of the Dungeon
  3923 | D:5      | Found a deep blue altar of Sif Muna.
  3926 | D:5      | Found a shimmering altar of Xom.
  3926 | D:5      | Noticed Grinder
  4110 | D:5      | Found a transporter.
  4111 | D:5      | Found a transporter.
  4111 | D:5      | Noticed YM2612's ghost (novice FoHu)
  4195 | D:5      | Noticed Duvessa
  4269 | D:5      | Killed Duvessa
  4269 | D:5      | Reached skill level 7 in Spellcasting
  4269 | D:5      | Reached skill level 5 in Conjurations
  4269 | D:5      | Reached XP level 8. HP: 16/41 MP: 0/20
  4282 | D:5      | Noticed Dowan
  4417 | D:5      | Killed Dowan
  4495 | D:5      | Found a bloodstained altar of Trog.
  4942 | D:5      | Reached skill level 8 in Spellcasting
  5069 | D:5      | Paralysed by Grinder for 5 turns
  5080 | D:5      | Killed Grinder
  5093 | D:5      | Found an opulent altar of Gozag.
  5202 | D:6      | Found a staircase to the Ecumenical Temple.
  5213 | Temple   | Entered the Ecumenical Temple
  5255 | Temple   | Became a worshipper of Vehumet
  5412 | D:6      | Found a transporter.
  5412 | D:6      | Noticed Danqa's ghost (novice SpAs)
  5480 | D:6      | Found a transporter.
  5734 | D:6      | Reached skill level 9 in Spellcasting
  5734 | D:6      | Reached XP level 9. HP: 40/45 MP: 14/24
  5741 | D:6      | Learned a level 5 spell: Fireball
  6135 | D:7      | Found a shattered altar of Ashenzari.
  6317 | D:7      | Found an ancient bone altar of Kikubaaqudgha.
  6860 | D:7      | Reached * piety under Vehumet
  6860 | D:7      | Offered knowledge of Freeze by Vehumet.
  6863 | D:7      | Reached skill level 10 in Spellcasting
  7359 | D:8      | Found a shadowy altar of Dithmenos.
  7578 | D:8      | Noticed Joseph
  7923 | D:9      | You fall through a shaft!
  7923 | D:10     | Entered Level 10 of the Dungeon
  7924 | D:10     | Noticed a troll
  7942 | D:10     | Killed a troll
  8121 | D:10     | Reached skill level 11 in Spellcasting
  8152 | D:10     | Reached XP level 10. HP: 42/50 MP: 18/27
  8480 | D:9      | Reached ** piety under Vehumet
  8481 | D:9      | Offered knowledge of Throw Frost by Vehumet.
  8893 | D:9      | Found a sacrificial altar of Ru.
  9274 | D:10     | Noticed a five-headed hydra
  9278 | D:10     | Killed a five-headed hydra
  9278 | D:10     | Reached skill level 12 in Spellcasting
  9278 | D:10     | Reached skill level 10 in Conjurations
  9278 | D:10     | Reached skill level 10 in Fire Magic
  9342 | D:10     | Offered knowledge of Static Discharge by Vehumet.
  9453 | D:10     | Noticed a centaur warrior
  9460 | D:10     | Killed a centaur warrior
  9460 | D:10     | Reached XP level 11. HP: 37/54 MP: 8/29
 10050 | D:11     | Noticed a two-headed ogre
 10432 | D:11     | Reached skill level 1 in Translocations
 10673 | D:11     | Reached *** piety under Vehumet
 10855 | D:11     | Noticed a two-headed ogre
 10862 | D:11     | Killed a two-headed ogre
 10997 | D:11     | Killed a two-headed ogre
 10997 | D:11     | Reached skill level 13 in Spellcasting
 11249 | D:12     | Noticed a two-headed ogre
 11260 | D:12     | Killed a two-headed ogre
 11275 | D:12     | Offered knowledge of Airstrike by Vehumet.
 11402 | D:12     | Noticed a skeletal warrior
 11402 | D:12     | Noticed a skeletal warrior
 11402 | D:12     | Noticed a skeletal warrior
 11419 | D:12     | Killed a skeletal warrior
 12249 | D:12     | Killed a skeletal warrior
 12467 | D:12     | Reached **** piety under Vehumet
 12468 | D:12     | Found a staircase to the Orcish Mines.
 12469 | D:12     | Offered knowledge of Venom Bolt by Vehumet.
 12620 | D:12     | Noticed a purple ugly thing
 12623 | D:12     | Killed a purple ugly thing
 12768 | D:13     | Noticed a centaur warrior
 12770 | D:13     | Reached XP level 12. HP: 56/59 MP: 27/31
 12893 | D:13     | Reached skill level 14 in Spellcasting
 12900 | D:13     | Learned a level 5 spell: Venom Bolt
 12991 | D:13     | Killed a centaur warrior
 13755 | D:14     | Noticed a two-headed ogre
 13765 | D:14     | Killed a two-headed ogre
 13809 | D:14     | Noticed a centaur warrior
 13812 | D:14     | Identified the +5 ring mail "Hovoageu" {rC+}
 14316 | D:8      | Killed Joseph
 14456 | D:8      | Found a staircase to the Lair.
 14615 | D:8      | Reached skill level 15 in Spellcasting
 14623 | D:8      | Reached ***** piety under Vehumet
 14724 | D:8      | Offered knowledge of Freezing Cloud by Vehumet.
 15179 | D:8      | Noticed Psyche
 15186 | D:8      | Killed Psyche
 15258 | D:8      | Noticed Harold
 15265 | D:8      | Killed Harold
 15524 | Lair:1   | Entered Level 1 of the Lair of Beasts
 15869 | Lair:1   | Reached XP level 13. HP: 50/63 MP: 20/34
 16727 | Lair:2   | Noticed Nergalle
 16732 | Lair:2   | Killed Nergalle
 17341 | Lair:2   | Offered knowledge of Bolt of Magma by Vehumet.
 17687 | Lair:3   | Learned a level 5 spell: Bolt of Magma
 17729 | Lair:3   | Reached skill level 1 in Poison Magic
 17785 | Lair:3   | Found a staircase to the Snake Pit.
 18039 | Lair:3   | You fall through a shaft!
 18273 | Lair:3   | Reached skill level 15 in Conjurations
 18280 | Lair:3   | Reached skill level 16 in Spellcasting
 18443 | Lair:3   | Reached skill level 5 in Dodging
 19514 | Lair:4   | Learned a level 7 spell: Ring of Flames
 19555 | Lair:4   | Found a staircase to the Shoals.
 19646 | Lair:4   | Reached skill level 1 in Charms
 19707 | Lair:4   | Offered knowledge of Spellforged Servitor by Vehumet.
 20453 | Lair:5   | Learned a level 8 spell: Ignition
 20465 | Lair:5   | Found a runed translucent gate.
 20466 | Lair:5   | Found a runed translucent gate.
 20467 | Lair:5   | Found a runed translucent gate.
 20544 | Lair:5   | Noticed Joepsun's ghost (journeyman SpSk)
 20601 | Lair:5   | Identified a scroll of acquirement
 21511 | Lair:6   | Entered Level 6 of the Lair of Beasts
 21781 | Orc:1    | Entered Level 1 of the Orcish Mines
 21785 | Orc:1    | Found Igiel's Gadget Boutique.
 21803 | Orc:1    | Noticed Urug
 21806 | Orc:1    | Killed Urug
 21862 | Orc:1    | Found a bloodstained altar of Trog.
 21909 | Orc:1    | Reached XP level 14. HP: 68/68 MP: 29/36
 22167 | Orc:2    | Entered Level 2 of the Orcish Mines
 22441 | Orc:2    | Found a staircase to the Elven Halls.
 22963 | Orc:2    | Reached skill level 17 in Spellcasting
 23105 | Orc:2    | Reached skill level 1 in Earth Magic
 23319 | Orc:2    | Paralysed by an orc sorcerer for 2 turns
 23324 | Orc:2    | Reached skill level 5 in Charms
 23335 | Orc:2    | Found Ratiraipp's Assorted Antiques.
 23350 | Orc:2    | Found Ibla's Book Boutique.
 23355 | Orc:2    | Bought a potion of heal wounds for 120 gold pieces
 23355 | Orc:2    | Bought a scroll labeled KOT ZIOJOGHU for 24 gold pieces
 23355 | Orc:2    | Bought a scroll labeled QODGHU DOEFECHE for 24 gold pieces
 23355 | Orc:2    | Bought a long runed staff for 288 gold pieces
 23355 | Orc:2    | Bought a fuming clear potion for 21 gold pieces
 23361 | Orc:2    | Found Ateun's Weapon Boutique.
 23363 | Orc:2    | Found Syroh's Antique Weapon Shoppe.
 23711 | Snake:1  | Entered Level 1 of the Snake Pit
 23738 | Shoals:1 | Entered Level 1 of the Shoals
 23738 | Shoals:1 | Found a runed translucent gate.
 23738 | Shoals:1 | Found a runed translucent gate.
 23747 | Shoals:1 | Found a runed translucent gate.
 23751 | Shoals:1 | Noticed Meod's ghost (adept MiBe)
 24522 | Shoals:1 | Noticed Donald
 24754 | Shoals:1 | Offered knowledge of Bolt of Draining by Vehumet.
 25280 | Shoals:2 | Reached skill level 18 in Spellcasting
 26369 | Shoals:2 | Reached XP level 15. HP: 46/72 MP: 15/39
 26414 | Shoals:2 | Mangled by a merfolk impaler

Skill      XL: |  1  2  3  4  5  6  7  8  9 10 11 12 13 14 |
---------------+-------------------------------------------+-----
Fire Magic     | 4 5 6 7 9 10 11 12 13 14 | 14.4
Stealth        | 3 |  3.2
Conjurations   | 2 3 5 6 8 10 12 14 15 16 | 16.2
Spellcasting   | 4 5 7 9 11 12 13 15 16 18 | 18.8
Short Blades   | 1 2 3 |  3.9
Dodging        | 3 5 |  5.3
Translocations | 1 |  1.9
Poison Magic   | 2 4 |  4.2
Charms         | 3 8 |  8.0
Earth Magic    | 2 |  2.2
Staves         | |  0.1
Unarmed Combat | |  0.6

Action                   |  1- 3 |  4- 6 |  7- 9 | 10-12 | 13-15 || total
-------------------------+-------+-------+-------+-------+-------++-------
Melee: Unarmed           |     9 |       |       |       |       ||     9
       Short sword       |       |    70 |    13 |    59 |    28 ||   170
       Staff             |       |       |       |       |    14 ||    14
 Cast: Flame Tongue      |    33 |    60 |   204 |   206 |    19 ||   522
       Throw Flame       |    25 |    32 |    61 |   111 |   199 ||   428
       Conjure Flame     |       |     2 |     8 |    22 |     7 ||    39
       Magic Dart        |       |       |    13 |    11 |       ||    24
       Sticky Flame      |       |       |    27 |    61 |    60 ||   148
       Blink             |       |       |     1 |     5 |     2 ||     8
       Fireball          |       |       |     3 |    92 |    82 ||   177
       Venom Bolt        |       |       |       |    11 |   112 ||   123
       Bolt of Magma     |       |       |       |       |    31 ||    31
       Ignition          |       |       |       |       |     1 ||     1
Evoke: Wand              |       |       |       |       |     2 ||     2
  Use: Scroll            |       |     3 |     6 |    10 |     6 ||    25
       Potion            |       |       |     1 |     3 |     1 ||     5
 Stab: Distracted        |       |     1 |       |       |       ||     1
       Sleeping          |       |     4 |       |     5 |     1 ||    10
  Eat: Chunk             |     1 |     8 |    16 |    27 |    25 ||    77
       Ration            |       |       |       |     1 |     2 ||     3
Armor: Robe              |     4 |     2 |       |       |       ||     6
       Animal skin       |       |    11 |    19 |    38 |    37 ||   105
Dodge: Dodged            |     7 |    62 |    72 |   136 |   193 ||   470
